 Dungeon Crawl Stone Soup version 0.28.0-1-gb440e238dd (webtiles) character file.

Game seed: 9473839212346032366

3257 Kaptain the Digger (level 10, -6/67 HPs)
             Began as an Octopode Earth Elementalist on Feb 22, 2022.
             Engulfed by a steam dragon's steam (14 damage)
             ... on level 8 of the Dungeon.
             The game lasted 00:20:36 (9961 turns).

Kaptain the Digger (Octopode Earth Elementalist)    Turns: 9961, Time: 00:20:38

Health: -6/67      AC:  1    Str:  7    XL:     10   Next: 0%
Magic:  8/19       EV: 15    Int: 23    God:
Gold:   379        SH:  0    Dex: 18    Spells: 17/21 levels left

rFire   . . .      SeeInvis .   d - staff of poison
rCold   . . .      Faith    .   (no shield)
rNeg    . . .      Spirit   .   (helmet restricted)
rPois   +          Reflect  .   (no amulet)
rElec   .          Harm     .   e - +4 ring of slaying
rCorr   .          Rampage  .   p - +6 ring of dexterity
Will    .....                   (no ring)
Stlth   ++++......              (no ring)
HPRegen 0.21/turn               (no ring)
MPRegen 0.16/turn               (no ring)
                                (no ring)
                                (no ring)

@: no status effects
A: almost no armour, amphibious, 8 rings, camouflage 1, gelatinous body 1,
(nimble swimmer 1), tentacles
a: no special abilities


You were on level 8 of the Dungeon.
You visited 2 branches of the dungeon, and saw 9 of its levels.

You collected 379 gold pieces.

Inventory:

Hand Weapons
 c - a +4 scimitar
 i - a +1 war axe of flaming
 l - a +3 short sword of flaming
Missiles
 h - 142 stones
 t - 2 atropa-tipped darts (quivered)
 v - 48 sling bullets
 y - 6 poisoned darts
Magical Staves
 a - a staff of earth
 d - a staff of poison (weapon)
Jewellery
 e - a +4 ring of slaying (left tentacle)
 p - a +6 ring of dexterity (right tentacle)
 A - a +6 ring of dexterity
Wands
 o - a wand of flame (1)
 B - a wand of charming (7)
Scrolls
 f - 2 scrolls of immolation
 j - a scroll of fear
 k - 2 scrolls of identify
 q - 3 scrolls of teleportation
 u - a scroll of fog {unknown}
Potions
 b - a potion of lignification
 g - 3 potions of haste
 m - 2 potions of curing
 n - a potion of heal wounds
 r - a potion of invisibility
 s - a potion of attraction
 w - a potion of mutation {unknown}
 z - a potion of berserk rage


   Skills:
 * Level 5.6 Fighting
 + Level 4.2 Dodging
 + Level 6.1 Stealth
 * Level 6.2 Spellcasting
 * Level 6.2 Conjurations
 - Level 1.0 Transmutations
 * Level 7.1 Earth Magic


You had 17 spell levels left.
You knew the following spells:

 Your Spells              Type           Power      Damage    Failure   Level
a - Sandblast             Erth           80%        2d17      1%          1
b - Stone Arrow           Conj/Erth      74%        3d11      1%          3

Your spell library contained the following spells:

 Spells                   Type           Power      Damage    Failure   Level
 Passwall                 Tmut/Erth      20%        N/A       2%          2
 Dazzling Flash           Conj/Hex       42%        N/A       7%          3
 Summon Small Mammal      Summ           28%        N/A       9%          1
 Corpse Rot               Necr/Air       14%        N/A       13%         2
 Ensorcelled Hibernation  Hex/Ice        14%        N/A       13%         2
 Poisonous Vapours        Pois/Air       20%        N/A       13%         2
 Petrify                  Tmut/Erth      25%        N/A       16%         4
 Spider Form              Tmut/Pois      14%        N/A       21%         3
 Call Canine Familiar     Summ           7%         N/A       26%         3
 Ozocubu's Armour         Ice            7%         N/A       26%         3
 Summon Guardian Golem    Hex/Summ       7%         N/A       26%         3
 Anguish                  Hex/Necr       3%         N/A       63%         4
 Agony                    Necr           7%         N/A       93%         5
 Silence                  Hex/Air        3%         N/A       93%         5
 Ozocubu's Refrigeration  Ice            3%         4d5       100%        7


Dungeon Overview and Level Annotations

Branches:
Dungeon (8/15)             Temple (1/1) D:5
   Lair: D:8-11

Altars:
Ashenzari
Cheibriados
Dithmenos
Elyvilon
Fedhas
Gozag
Hepliaklqana
Kikubaaqudgha
Makhleb
Nemelex Xobeh
Okawaru
Qazlal
Ru
Sif Muna
Trog
Uskayaw
Vehumet
Wu Jian
Xom
Yredelemnul
The Shining One

Shops:
D:5 (

Annotations:
D:4 3 runed translucent doors, Kaptain's ghost, amateur FoEE; glosham's ghost, weakling DgDe; kthxbai's ghost, amateur OpTm
D:7 1 transporter, Miritol's ghost, novice PaDe


Innate Abilities, Weirdness & Mutations

You cannot wear most types of armour.
You are amphibious.
You can wear up to eight rings at the same time.
Your skin changes colour to match your surroundings (Stealth+).
Your rubbery body absorbs attacks. (AC +1, EV +1)
((You are camouflaged when in or above water. (Stealth+)))
You have tentacles for arms and can constrict up to eight enemies at once.


Message History

Aiming: Sandblast (safe; 1% risk of failure)
Press: ? - help, Shift-Dir - straight line, f - steam dragon
Aim: a steam dragon (83% to hit)
The blast of sand hits the steam dragon!
The steam dragon is heavily wounded.
h - 145 stones The steam dragon barely misses you.
The steam dragon claws you.
Casting: Sandblast (safe; 1% risk of failure)
Confirm with . or Enter, or press ? or * to list all spells.
Aiming: Sandblast (safe; 1% risk of failure)
Press: ? - help, Shift-Dir - straight line, f/p - steam dragon
Aim: a steam dragon (heavily wounded, 83% to hit)
The blast of sand hits the steam dragon!
The steam dragon is severely wounded.
h - 144 stones The steam dragon misses you.
The steam dragon claws you.
The howler monkey hoots and howls with incredible vigour!
You hear an angry buzzing noise.
Casting: Sandblast (safe; 1% risk of failure)
Confirm with . or Enter, or press ? or * to list all spells.
Aiming: Sandblast (safe; 1% risk of failure)
Press: ? - help, Shift-Dir - straight line, f/p - steam dragon
Aim: a steam dragon (severely wounded, 83% to hit)
The blast of sand hits the steam dragon!
The steam dragon is almost dead.
h - 143 stones The steam dragon breathes steam at you.
The ball of steam hits you!!
* * * LOW HITPOINT WARNING * * *
You hear an angry buzzing noise.
Casting: Sandblast (safe; 1% risk of failure)
Confirm with . or Enter, or press ? or * to list all spells.
Aiming: Sandblast (safe; 1% risk of failure)
Press: ? - help, Shift-Dir - straight line, f/p - steam dragon
Aim: a steam dragon (almost dead, catching its breath, 83% to hit)
The blast of sand hits the steam dragon but does no damage.
The steam dragon is almost dead.
h - 142 stones You are engulfed in a cloud of scalding steam.
You die...

#############
#...........#
#...........#
#...........####
#..........hD@§#
#.[........y##§#
#..../......####
#...........#
#.).........#
#...........+
#y........D.#
######........
.....>...


You could see a steam dragon (catching breath), a howler monkey and a killer
bee.

Vanquished Creatures
  Pikel (D:7)
  Maggie (D:7)
  A steam dragon (D:7)
  A water moccasin (D:6)
  An ice beast (D:7)
  A black bear (D:5)
  3 ogres
  A necrophage (D:5)
  A centaur (D:8)
  4 lemures (D:7)
  3 scorpions
  A wyvern skeleton (D:5)
  4 killer bees (D:8)
  A water moccasin skeleton (D:6)
  10 wights (D:7)
  A bullfrog zombie (D:6)
  3 centaur zombies
  2 hounds
  3 orc priests
  A centaur skeleton (D:6)
  A jelly (D:6)
  Crazy Yiuf (D:6)
  A bullfrog skeleton (D:6)
  An iguana (D:6)
  5 orc wizards
  A hound zombie (D:5)
  A howler monkey zombie (D:7)
  8 adders
  A howler monkey skeleton (D:7)
  4 white imps
  3 ufetubi
  An adder zombie (D:5)
  2 worms
  4 dart slugs
  21 orcs
  6 ball pythons
  6 endoplasms
  4 giant cockroaches (D:3)
  7 goblins
  3 hobgoblins (D:1)
  8 jackals
  8 kobolds
  3 quokkas
  3 bats
  4 frilled lizards
  6 rats
157 creatures vanquished.

Vanquished Creatures (others)
  An orc wizard (D:7)
  A fungus (D:6)
  2 plants (D:8)
  4 withered plants (D:4)
8 creatures vanquished.

Grand Total: 165 creatures vanquished

Notes
Turn   | Place    | Note
-------+----------+-------------------------------------------
     0 | D:1      | Kaptain the Octopode Earth Elementalist began the quest for
                  | the Orb.
     0 | D:1      | Reached XP level 1. HP: 11/11 MP: 3/3
   130 | D:1      | Reached XP level 2. HP: 15/17 MP: 0/5
   395 | D:1      | Found a faded altar of an unknown god.
   419 | D:1      | Reached XP level 3. HP: 22/22 MP: 4/6
   429 | D:1      | Learned a level 3 spell: Stone Arrow
  1205 | D:2      | Reached skill level 1 in Conjurations
  1205 | D:2      | Reached XP level 4. HP: 27/27 MP: 5/7
  1494 | D:2      | Found a broken altar of Ashenzari.
  1508 | D:2      | Reached skill level 1 in Fighting
  1843 | D:3      | Found a stormy altar of Qazlal.
  2272 | D:3      | Found a white marble altar of Elyvilon.
  3096 | D:3      | Reached XP level 5. HP: 25/33 MP: 9/9
  3256 | D:4      | Reached skill level 4 in Earth Magic
  3661 | D:4      | Found a runed translucent gate.
  3661 | D:4      | Found a runed translucent gate.
  3661 | D:4      | Found a runed translucent gate.
  3665 | D:4      | Noticed glosham's ghost (weakling DgDe)
  3665 | D:4      | Noticed Kaptain's ghost (amateur FoEE)
  3665 | D:4      | Noticed kthxbai's ghost (amateur OpTm)
  4141 | D:4      | Reached XP level 6. HP: 18/38 MP: 6/11
  4433 | D:5      | Entered Level 5 of the Dungeon
  4569 | D:5      | Noticed a necrophage
  4575 | D:5      | Killed a necrophage
  4824 | D:5      | Reached XP level 7. HP: 45/45 MP: 4/13
  5226 | D:5      | Reached skill level 5 in Earth Magic
  5747 | D:5      | Found Siweivesegh's Weapon Shoppe.
  5763 | D:5      | Found a staircase to the Ecumenical Temple.
  5889 | Temple   | Entered the Ecumenical Temple
  5996 | D:5      | Found a radiant altar of Vehumet.
  6097 | D:6      | Reached XP level 8. HP: 52/52 MP: 4/14
  6951 | D:6      | Identified the +1 leather armour "Nuroaq Iffou" {SInv}
  7201 | D:6      | Found a shadowy altar of Dithmenos.
  7319 | D:6      | Found a sparkling altar of Nemelex Xobeh.
  7774 | D:6      | Found a runed translucent door.
  7775 | D:6      | Noticed Crazy Yiuf
  7803 | D:6      | Killed Crazy Yiuf
  7804 | D:6      | Reached skill level 5 in Spellcasting
  7883 | D:6      | Found an iron altar of Okawaru.
  7884 | D:6      | Found a bloodstained altar of Trog.
  8407 | D:7      | Noticed Miritol's ghost (novice PaDe)
  8408 | D:7      | Found a transporter.
  8412 | D:7      | Reached skill level 5 in Conjurations
  8412 | D:7      | Reached skill level 6 in Earth Magic
  8477 | D:7      | Found a shimmering blue altar of Sif Muna.
  8485 | D:7      | Noticed Maggie
  8491 | D:7      | Killed Maggie
  8492 | D:7      | Reached skill level 5 in Stealth
  8492 | D:7      | Reached XP level 9. HP: 59/59 MP: 6/17
  8826 | D:7      | Noticed Pikel
  9122 | D:7      | Reached skill level 5 in Fighting
  9509 | D:7      | Killed Pikel
  9700 | D:7      | Reached skill level 7 in Earth Magic
  9958 | D:8      | Reached XP level 10. HP: 35/67 MP: 11/19
  9961 | D:8      | Engulfed by a steam dragon's steam

Illustrated notes

Levels and vault maps discovered:
D:1:      lemuel_arrival_lava_pool, layout_rooms,
          hellmonk_ecumenical_altar_zigzags, kennysheep_doodads
D:2:      layout_loops_cross, basic_altar
D:3:      layout_basic, nicolae_qazlal_scattered_showers,
          mainiacjoe_overflow_24_doors, grunt_decor_cap
D:4:      layout_basic, gammafunk_ghost_cemetery
D:5:      layout_basic, mainiacjoe_overflow_surrounded_room,
          minmay_temple_entry_junction, serial_shops,
          nicolae_shop_bloodbath_and_beyond
D:6:      layout_layer_cave, mainiacjoe_overflow_cross_hatched,
          grunt_temple_overflow_bloody_war, mainiacjoe_overflow_boulevard,
          uniq_crazy_yiuf_cottage
D:7:      layout_gridville, old_standard_altar, gammafunk_ghost_smash,
          chequers_serial_rivers_marsh, st_stairs_10, minmay_misc_feat_tower,
          kennysheep_generic_room_8, uniq_maggie, uniq_pikel
D:8:      layout_basic, enter_bailey_3, serial_bayou_pond_a
Temple:   cyrus_circular_temple

Skill      XL: |  1  2  3  4  5  6  7  8  9 |
---------------+----------------------------+-----
Stealth        | 3 5 6 |  6.1
Conjurations   | 1 2 3 4 5 6 |  6.2
Fighting       | 1 2 3 4 5 |  5.6
Spellcasting   | 3 4 5 6 |  6.2
Earth Magic    | 4 5 6 7 |  7.1
Dodging        | 3 4 |  4.2
Transmutations | |  1.0

Action                   |  1- 3 |  4- 6 |  7- 9 | 10-12 || total
-------------------------+-------+-------+-------+-------++-------
Melee: Staff             |    11 |    68 |    11 |       ||    90
       Tentacles         |     4 |    18 |     3 |       ||    25
       Constrict         |     3 |    21 |     2 |       ||    26
       Punch             |       |     1 |       |       ||     1
Throw: Dart              |       |       |     2 |       ||     2
 Cast: Sandblast         |    34 |    39 |    26 |     4 ||   103
       Stone Arrow       |       |     8 |   101 |       ||   109
  Use: Potion            |     1 |       |     1 |       ||     2
       Scroll            |       |     4 |    12 |       ||    16
 Stab: Sleeping          |     1 |     7 |     2 |       ||    10
Armor: Skin              |     2 |     4 |     6 |       ||    12
Dodge: Dodged            |    18 |    49 |    39 |     2 ||   108
